 Dungeon Crawl Stone Soup version 0.27-a0-1136-g0b992a5a9d (webtiles) character file.

Game seed: 13032020684776469827

395 jestyr24 the Covered (level 6, -4/55 HPs)
             Began as a Hill Orc Fighter on May 4, 2021.
             Slain by a killer bee (7 damage)
             ... on level 4 of the Dungeon.
             The game lasted 00:12:36 (4092 turns).

jestyr24 the Covered (Hill Orc Fighter)             Turns: 4092, Time: 00:12:37

Health: -4/55      AC:  7    Str: 21    XL:     6   Next: 82%
Magic:  6/6        EV:  8    Int:  8    God:
Gold:   299        SH:  9    Dex: 10    Spells: 5/5 levels left

rFire    . . .     SeeInvis .   g - +2 falchion (holy)
rCold    . . .     Faith    .   c - +0 kite shield
rNeg     . . .     Spirit   .   b - +0 scale mail
rPois    .         Reflect  .   (no helmet)
rElec    .         Harm     .   (no cloak)
rCorr    .         Rampage  .   (no gloves)
Will     .....                  (no boots)
Stlth    ..........             (no amulet)
HPRegen  0.18/turn              (no ring)
MPRegen  0.10/turn              (no ring)

@: mighty, lethally poisoned (-4 -> -44)
A: no striking features
a: no special abilities


You were on level 4 of the Dungeon.
You visited 1 branch of the dungeon, and saw 4 of its levels.

You collected 299 gold pieces.

Inventory:

Hand Weapons
 a - a +0 war axe
 g - a +2 falchion of holy wrath (weapon)
 k - a +3 spear
Armour
 b - a +0 scale mail (worn)
 c - a +0 kite shield (worn)
Jewellery
 l - a ring of protection from fire
Scrolls
 h - a scroll of enchant armour
 i - a scroll of magic mapping
Potions
 e - 2 potions of heal wounds
 f - a potion of flight {unknown}
 j - a potion of magic


   Skills:
 + Level 4.9 Fighting
 - Level 2.0 Long Blades
 + Level 4.3 Axes
 + Level 5.0 Armour
 + Level 1.1 Dodging
 + Level 0.4 Stealth
 + Level 4.7 Shields


You had 5 spell levels left.
You didn't know any spells.
Your spell library was empty.

Dungeon Overview and Level Annotations

Branches:
Dungeon (4/15)
 Temple: D:4-7

Altars:
Ashenzari

Shops:
D:1 [   D:2 *[   D:3 *


Message History

The killer bee closely misses you.
You completely miss the killer bee.
You feel very sick. The killer bee stings you! The killer bee stings you.
The killer bee barely misses you.
You riposte.
You closely miss the killer bee.
The killer bee is moderately wounded.
The killer bee stings you but does no damage.
You block the killer bee's attack.
You miss the killer bee.
You feel sick. The killer bee closely misses you. The killer bee stings you.
You are more poisoned.
The killer bee poisons you!
The killer bee stings you but does no damage.
The hound pauses to sniff the ground.
You block the killer bee's attack. x2
The killer bee stings you but does no damage.
You feel very mighty all of a sudden.
You feel very sick. You block the killer bee's attack.
The killer bee barely misses you.
You riposte.
You barely miss the killer bee.
The killer bee is moderately wounded.
The killer bee stings you!
You are lethally poisoned!
The killer bee poisons you! The killer bee barely misses you.
You closely miss the killer bee.
The killer bee is moderately wounded.
* * * LOW HITPOINT WARNING * * *
You feel very sick. The killer bee stings you.
* * * LOW HITPOINT WARNING * * *
You are more poisoned.
The killer bee poisons you! The killer bee stings you.
* * * LOW HITPOINT WARNING * * *
You are more poisoned.
The killer bee poisons you! The killer bee stings you.
* * * LOW HITPOINT WARNING * * *
You are more poisoned.
The killer bee poisons you! You block the killer bee's attack.
The killer bee stings you!
You die...

..............
###########.#####.
O
#....#....#.#####.
..
#.##.#.##.#..)....
...
#.##...##.#.######
....
#.#######.......#
..... #.#
#######.#
.....O##y# #.#
.....hyy@# ##'##
########## #....
#.... #.... #....
#.... #....
################
#.............#


You could see an ogre, a hound and 3 killer bees.

Vanquished Creatures
  A necrophage (D:4)
  A hound (D:4)
  A jelly (D:4)
  An orc wizard (D:4)
  A howler monkey skeleton (D:4)
  4 adders
  5 gnolls
  4 dart slugs
  13 orcs
  5 bats
  6 endoplasms
  A giant cockroach (D:3)
  15 goblins
  11 hobgoblins
  11 jackals
  2 quokkas (D:1)
  7 ball pythons
  6 frilled lizards
  6 kobolds
  7 rats
108 creatures vanquished.

Notes
Turn   | Place    | Note
-------+----------+-------------------------------------------
     0 | D:1      | jestyr24 the Hill Orc Fighter began the quest for the Orb.
     0 | D:1      | Reached XP level 1. HP: 19/19 MP: 1/1
    37 | D:1      | Reached XP level 2. HP: 22/27 MP: 2/2
   261 | D:1      | Found Belaev's Armour Shoppe.
   328 | D:1      | Reached XP level 3. HP: 26/33 MP: 3/3
   828 | D:2      | Found Imaqaer's Antique Armour Emporium.
  1029 | D:2      | Reached XP level 4. HP: 40/40 MP: 4/4
  1267 | D:2      | Found Ynafuogu's Assorted Antiques.
  1504 | D:2      | Found a faded altar of an unknown god.
  1595 | D:3      | Found Sezodieh's General Store.
  1773 | D:3      | Reached skill level 4 in Armour
  2451 | D:3      | Found a broken altar of Ashenzari.
  2583 | D:3      | Reached XP level 5. HP: 47/47 MP: 5/5
  2838 | D:4      | Reached skill level 1 in Long Blades
  2934 | D:4      | Noticed a necrophage
  2945 | D:4      | Killed a necrophage
  2946 | D:4      | Reached XP level 6. HP: 8/53 MP: 6/6
  3751 | D:4      | Reached skill level 1 in Dodging
  3768 | D:4      | Reached skill level 5 in Armour
  4092 | D:4      | Slain by a killer bee

Illustrated notes

Levels and vault maps discovered:
D:1:      dpeg_arrival_tiny_h, layout_rooms, serial_shops, shop
D:2:      layout_loops_ring, hellmonk_ecumenical_altar_leap_of_faith,
          serial_shops, shop_statue, nicolae_shop_crystal
D:3:      cheibrodos_greedy_goblins, layout_rooms, amcnicky_altar_gilded,
          serial_shops, shop_statue
D:4:      layout_basic

Skill      XL: |  1  2  3  4  5  6 |
---------------+-------------------+-----
Fighting       | 4 |  4.9
Axes           | 3 4 |  4.3
Armour         | 4 5 |  5.0
Shields        | 4 |  4.7
Long Blades    | 2 |  2.0
Dodging        | 1 |  1.1
Stealth        | |  0.4

Action                   |  1- 3 |  4- 6 || total
-------------------------+-------+-------++-------
Melee: War axe           |    96 |    54 ||   150
       Falchion          |       |   159 ||   159
  Use: Scroll            |       |     5 ||     5
       Potion            |       |     2 ||     2
Armor: Scale mail        |    52 |   106 ||   158
Dodge: Dodged            |    38 |    70 ||   108
Block: Kite shield       |    44 |   129 ||   173
       Rpst.: Falchion   |       |    14 ||    14

Table legend: (Time is in decaauts)
 A = Elapsed time spent in this place.
 B = Non-inter-level travel time spent in this place.
 C = Inter-level travel time spent in this place.
 D = Time resting spent in this place.
 E = Time spent auto-exploring this place.
 F = Levels seen in this place.
 G = Mean time per level.
                   A        B        C        D        E       F      G
               +--------+--------+--------+--------+--------+-----+--------+
         Total |   4245 |   4123 |    122 |    607 |   2677 |   4 | 1061.2 |
       Dungeon |   4245 |   4123 |    122 |    607 |   2677 |   4 | 1061.2 |
               +--------+--------+--------+--------+--------+-----+--------+

Top non-repeatable levels by time:
     D:4: 1356 daAuts
     D:3: 1263 daAuts
     D:2: 842 daAuts
     D:1: 782 daAuts
